 Dungeon Crawl Stone Soup version 0.28.0-45-g0d030f2227 (webtiles) character file.

Game seed: 13292878155028315

26094 protoss039 the Destroyer (level 12, -13/148 HPs)
             Began as a Demonspawn Conjurer on May 15, 2022.
             Was a High Priest of Vehumet.
             Mangled by an entropy weaver simulacrum (35 damage)
             ... in an ice cave.
             The game lasted 00:51:59 (15319 turns).

protoss039 the Destroyer (Demonspawn Conjurer)     Turns: 15319, Time: 00:52:01

Health: -13/148    AC: 26    Str:  8    XL:     12   Next: 95%
Magic:  0/27       EV:  2    Int: 30    God:    Vehumet [*****.]
Gold:   684        SH:  5    Dex: 12    Spells: 10/33 levels left

rFire   . . .      SeeInvis +   I - +4 scimitar (flame)
rCold   . . .      Faith    .   (no shield)
rNeg    . . .      Spirit   .   (armour currently unavailable)
rPois   +          Reflect  +   (helmet currently unavailable)
rElec   .          Harm     .   (cloak currently unavailable)
rCorr   .          Rampage  .   (gloves currently unavailable)
Will    +....      NoTele   +   (boots currently unavailable)
Stlth   ++........              k - amulet of reflection
HPRegen 4.34/turn               M - ring of see invisible
MPRegen 0.20/turn               q - ring of Xom's Sleight of Hands {Will+ Int+6}

@: tree-form
A: stationary, stasis, torment immunity, boosted hp, repulsion field 1, powered
by death 3, demonic magic 1, (demonic touch 2)
a: Renounce Religion


You were in an ice cave.
You worshipped Vehumet.
Vehumet was extremely pleased with you.
You were a tree.
You visited 1 branch of the dungeon, and saw 12 of its levels.
You also visited: Gauntlet and Ice Cave.

You collected 867 gold pieces.
You spent 183 gold pieces at shops.

Inventory:

Hand Weapons
 l - a +0 dagger of venom
 u - a +1 flail of protection
 B - a +5 trident of freezing
 I - a +4 scimitar of flaming (weapon)
Missiles
 c - 122 stones (quivered)
 A - a throwing net
Armour
 b - a +2 pair of gloves (melded)
 v - a +2 pair of boots (melded)
 z - the +3 helmet of Amorality (melded) {Fly rC+++ Dex-5}
   (You found it on level 5 of the Dungeon)

   Dex:       It affects your dexterity (-5).
   rC:        It renders you almost immune to cold.
   Fly:       It grants you flight.
 H - +0 acid dragon scales (melded)
 L - +0 fire dragon scales
 S - the +3 cloak "Yhui" (melded) {rPois rN+ Regen+ Dex-5}
   (You found it in a Gauntlet)

   Dex:       It affects your dexterity (-5).
   rPois:     It protects you from poison.
   rN:        It protects you from negative energy.
   Regen:     It increases your rate of health regeneration.
Magical Staves
 y - a staff of poison
 W - a staff of conjuration
Jewellery
 i - a ring of positive energy
 k - an amulet of reflection (around neck)
 q - the ring of Xom's Sleight of Hands (right branch) {Will+ Int+6}
   (You took it off a hobgoblin on level 3 of the Dungeon)

   [ring of intelligence]

   Int:       It affects your intelligence (+6).
   Will:      It increases your willpower.
 M - a ring of see invisible (left branch)
 P - a ring of protection from fire
Wands
 D - a wand of acid (4)
 F - a wand of polymorph (1)
 G - a wand of charming (5)
 K - a wand of flame (10)
 O - a wand of iceblast (4)
Scrolls
 d - 3 scrolls of fear
 g - 5 scrolls of teleportation
 n - a scroll of blinking
 r - a scroll of identify
 C - 3 scrolls of fog
 J - a scroll of magic mapping
Potions
 a - a potion of haste
 e - 2 potions of curing
 f - 3 potions of ambrosia
 h - a potion of invisibility
 p - 2 potions of flight
 s - 3 potions of brilliance
 t - a potion of might
 w - 2 potions of mutation
 x - a potion of magic {unknown}
 E - a potion of resistance
Miscellaneous
 V - a phial of floods


   Skills:
 * Level 10.7 Fighting
 + Level 5.5 Armour
 - Level 1.7 Dodging
 - Level 1.7 Stealth
 + Level 11.4 Spellcasting
 + Level 11.5 Conjurations
 * Level 8.2 Earth Magic


You had 10 spell levels left.
You knew the following spells:

 Your Spells              Type           Power      Damage    Failure   Level
a - Sandblast             Erth           100%       2d20      1%          1
b - Searing Ray           Conj           100%       2d8       1%          2
c - Stone Arrow           Conj/Erth      100%       3d13      1%          3
d - Swiftness             Air            17%        N/A       9%          3
e - Lee's Rapid Deconstr  Erth           30%        3d17*     1%          5
f - Olgreb's Toxic Radia  Pois           17%        N/A       9%          4
g - Fireball              Conj/Fire      25%        3d11      2%          5

Your spell library contained the following spells:

 Spells                   Type           Power      Damage    Failure   Level
 Magic Dart               Conj           100%       1d8       1%          1
 Shock                    Conj/Air       100%       1d9       1%          1
 Dazzling Flash           Conj/Hex       100%       N/A       1%          3
 Fulminant Prism          Conj/Hex       25%        3d14      1%          4
 Hailstorm                Conj/Ice       51%        3d11      1%          4
 Iskenderun's Mystic Bla  Conj/Tloc      51%        2d11      1%          4
 Iskenderun's Battlesphe  Conj           72%        2d12      1%          5
 Summon Small Mammal      Summ           68%        N/A       3%          1
 Leda's Liquefaction      Hex/Erth       20%        N/A       5%          4
 Orb of Destruction       Conj           36%        9d11      6%          7
 Call Canine Familiar     Summ           17%        N/A       9%          3
 Summon Guardian Golem    Hex/Summ       17%        N/A       9%          3
 Airstrike                Air            8%         N/A       9%          4
 Conjure Ball Lightning   Conj/Air       25%        3x3d7     12%         6
 Ice Form                 Ice/Tmut       17%        N/A       30%         4
 Metabolic Englaciation   Hex/Ice        8%         N/A       63%         5
 Statue Form              Tmut/Erth      27%        N/A       65%         6
 Simulacrum               Ice/Necr       8%         N/A       99%         6
 Discord                  Hex            8%         N/A       100%        8
 Infestation              Necr           8%         N/A       100%        8
 Chain Lightning          Conj/Air       25%        3d34      100%        9
 Fire Storm               Conj/Fire      25%        8d7       100%        9
 Shatter                  Erth           30%        3d25*     100%        9


Dungeon Overview and Level Annotations

Branches:
Dungeon (12/15)            Temple (0/1) D:7            Lair (0/6) D:8
    Orc (0/2) D:9           IceCv (1/1)             Gauntlet (visited)

Altars:
Ashenzari
Cheibriados
Elyvilon
Hepliaklqana
Nemelex Xobeh
Okawaru
Vehumet
Xom

Shops:
D:3 :   D:6 (=[?   D:11 ?


Innate Abilities, Weirdness & Mutations

You are a tree.
Your roots penetrate the ground, keeping you stationary.
You cannot be teleported.
You are immune to unholy pain and torment.
Your maximum health is greatly increased.
Your equipment is partially melded.
You are surrounded by a mild repulsion field. (EV +2)
You regenerate a lot of health from kills.
Spells you cast may paralyse adjacent enemies.
((Your touch may inflict irresistible damage on your foes.))


Message History

Your demonic crawler simulacrum freezes the entropy weaver simulacrum.
The entropy weaver simulacrum completely resists.
Your demonic crawler simulacrum hits the entropy weaver simulacrum.
Your demonic crawler simulacrum freezes the entropy weaver simulacrum.
The entropy weaver simulacrum completely resists.
Your demonic crawler simulacrum hits the entropy weaver simulacrum!
Your demonic crawler simulacrum freezes the entropy weaver simulacrum.
The entropy weaver simulacrum completely resists.
Your quicksilver ooze hits the large slime creature! x2
An ugly thing simulacrum comes into view.
Unknown command.
Unknown command.
You feel better. The large slime creature hits you!!
* * * LOW HITPOINT WARNING * * *
Your quicksilver ooze hits the large slime creature.
Your quicksilver ooze hits the large slime creature!
The entropy weaver simulacrum hits you but does no damage. x4
Your ugly thing simulacrum hits the entropy weaver simulacrum.
Your ugly thing simulacrum freezes the entropy weaver simulacrum.
The entropy weaver simulacrum completely resists.
Your demonic crawler simulacrum hits the entropy weaver simulacrum but does no damage.
Your demonic crawler simulacrum hits the entropy weaver simulacrum.
Your demonic crawler simulacrum freezes the entropy weaver simulacrum.
The entropy weaver simulacrum completely resists.
Your demonic crawler simulacrum closely misses the entropy weaver simulacrum.
Two slime creatures merge to form a very large slime creature.
Your entropy weaver simulacrum hits the very large slime creature.
Your entropy weaver simulacrum freezes the very large slime creature!
Your entropy weaver simulacrum barely misses the very large slime creature.
Your entropy weaver simulacrum hits the very large slime creature but does no damage.
Your entropy weaver simulacrum barely misses the very large slime creature.
Unknown command.
Unknown command.
You feel better.
Your quicksilver ooze hits the very large slime creature! x2
The entropy weaver simulacrum hits you but does no damage. x2
The entropy weaver simulacrum hits you.
* * * LOW HITPOINT WARNING * * *
The entropy weaver simulacrum freezes you!!
You die...

### #
##J##
#..##JZ.#
#.Z.ZZ♣∩#
#.Z##ZZ.#
# ##.##
###


You could see a very large slime creature (ally target), 2 ugly thing simulacra,
2 entropy weaver simulacra, a friendly quicksilver ooze (summoned), a friendly
demonic crawler simulacrum (summoned), a friendly ugly thing simulacrum
(summoned) and a friendly entropy weaver simulacrum (summoned).

Vanquished Creatures
  A cacodemon (Gauntlet)
  A quicksilver ooze (IceCv)
  A stone giant (D:11)
  A fire dragon (D:9)
  Fannar (D:10)
  An ice dragon (D:12)
  4 two-headed ogres (D:11)
  3 hydras
  A skeletal warrior (D:8)
  A goliath frog (shapeshifter) (D:11)
  A deep elf pyromancer (D:11)
  A moth of wrath (Gauntlet)
  3 cyclopes
  A manticore (D:9)
  A gargoyle (D:11)
  2 unseen horrors (D:11)
  Psyche (D:9)
  An efreet (D:9)
  A kobold demonologist (D:11)
  2 komodo dragons
  2 entropy weaver simulacra (IceCv)
  2 trolls
  Prince Ribbit (D:7)
  A polar bear (D:12)
  2 hornets
  2 shadows
  26 yaks
  A ynoxinul (Gauntlet)
  2 basilisks (D:9)
  Grum (D:10)
  2 steam dragons
  3 wyverns
  2 neqoxecs (Gauntlet)
  Edmund (D:5)
  3 acid dragons
  3 water moccasins
  2 orc warriors (D:9)
  A sky beast (D:7)
  An ice beast (D:6)
  An ogre (D:6)
  9 wolves
  4 centaurs
  4 kobold brigands
  A glowing shapeshifter simulacrum (IceCv)
  2 bullfrogs
  A water moccasin zombie (D:5)
  A water moccasin skeleton (D:4)
  A killer bee (D:9)
  8 howler monkeys
  10 wights
  3 centaur zombies
  2 orc priests
  4 hounds
  3 jellies
  2 iron imps (Gauntlet)
  A centaur skeleton (D:7)
  An iguana (D:6)
  4 orc wizards
  A killer bee zombie (D:7)
  3 howler monkey zombies
  12 gnolls
  An adder (D:3)
  A howler monkey skeleton (D:7)
  A shadow imp (D:6)
  A white imp (D:8)
  A howler monkey simulacrum (D:9)
  An adder skeleton (D:4)
  3 worms
  A dart slug (D:2)
  24 orcs
  7 bats
  7 endoplasms
  4 giant cockroaches
  8 goblins
  12 hobgoblins
  3 jackals
  23 kobolds
  A quokka (D:3)
  4 ball pythons
  2 frilled lizards (D:2)
  8 rats
278 creatures vanquished.

Vanquished Creatures (collateral kills)
  A slime creature (IceCv)
1 creature vanquished.

Vanquished Creatures (others)
  A polar bear (D:12)
  An orc priest (D:9)
  7 plants (D:8)
9 creatures vanquished.

Grand Total: 288 creatures vanquished

Notes
Turn   | Place    | Note
-------+----------+-------------------------------------------
     0 | D:1      | protoss039 the Demonspawn Conjurer began the quest for the
                  | Orb.
     0 | D:1      | Reached XP level 1. HP: 13/13 MP: 3/3
   331 | D:1      | Reached skill level 1 in Fighting
   344 | D:1      | Gained mutation: You regenerate a little health from kills.
                  | [demonic ancestry]
   344 | D:1      | Reached XP level 2. HP: 11/21 MP: 0/5
   567 | D:1      | Learned a level 2 spell: Searing Ray
  1113 | D:1      | Found a faded altar of an unknown god.
  1120 | D:1      | Got Plato's Incunabulum of the Birds
  1784 | D:2      | Reached XP level 3. HP: 18/27 MP: 2/6
  1929 | D:2      | You fall into a shaft and drop 1 floor!
  2034 | D:3      | Reached XP level 4. HP: 32/34 MP: 2/7
  3464 | D:2      | Learned a level 3 spell: Swiftness
  3482 | D:3      | Found Epniraa's Book Shoppe.
  3564 | D:3      | Found a radiant altar of Vehumet.
  3570 | D:3      | Gained mutation: Your touch may inflict minor irresistible
                  | damage on your foes. [demonic ancestry]
  3570 | D:3      | Reached XP level 5. HP: 34/41 MP: 4/9
  3620 | D:3      | Became a worshipper of Vehumet
  3939 | D:3      | Identified the ring of Xom's Sleight of Hands {Will+ Int+6}
  5031 | D:4      | Gained mutation: You are surrounded by a mild repulsion
                  | field. (EV +2) [demonic ancestry]
  5031 | D:4      | Reached XP level 6. HP: 48/48 MP: 6/11
  5373 | D:5      | Entered Level 5 of the Dungeon
  5418 | D:5      | Reached skill level 5 in Conjurations
  5705 | D:5      | Found a broken altar of Ashenzari.
  5850 | D:5      | Identified the +3 helmet of Amorality {Fly rC+++ Dex-5}
  6227 | D:5      | Gained mutation: You regenerate health from kills. [demonic
                  | ancestry]
  6227 | D:5      | Reached XP level 7. HP: 51/55 MP: 3/13
  6504 | D:6      | Noticed Edmund
  6504 | D:6      | Found Ysuottaff's Jewellery Boutique.
  6517 | D:5      | Killed Edmund
  6518 | D:5      | Reached skill level 5 in Fighting
  6619 | D:5      | Reached * piety under Vehumet
  6619 | D:5      | Offered knowledge of Sandblast by Vehumet.
  6622 | D:5      | Learned a level 1 spell: Sandblast
  6815 | D:6      | Noticed a steam dragon
  6851 | D:5      | Killed a steam dragon
  6852 | D:5      | Reached skill level 5 in Spellcasting
  6852 | D:5      | Reached skill level 1 in Earth Magic
  7044 | D:6      | Reached XP level 8. HP: 57/60 MP: 15/15
  7083 | D:6      | Found a hazy altar of Hepliaklqana.
  7161 | D:6      | Found Ostyc's Weapon Boutique.
  7489 | D:6      | Found Zitinto's Magic Scroll Shop.
  7498 | D:6      | Bought a scroll of identify for 22 gold pieces
  7498 | D:6      | Bought a scroll of identify for 22 gold pieces
  7498 | D:6      | Bought a scroll of fear for 38 gold pieces
  7498 | D:6      | Bought a scroll of identify for 22 gold pieces
  7498 | D:6      | Bought a scroll of noise for 11 gold pieces
  7540 | D:6      | Found Rocaykh's Antique Armour Shop.
  7951 | D:7      | Noticed Prince Ribbit
  7962 | D:7      | Killed Prince Ribbit
  8098 | D:7      | Found a snail-covered altar of Cheibriados.
  8138 | D:7      | Offered knowledge of Scorch by Vehumet.
  8139 | D:7      | Gained mutation: You regenerate a lot of health from kills.
                  | [demonic ancestry]
  8139 | D:7      | Reached XP level 9. HP: 69/69 MP: 11/19
  8222 | D:7      | Found a staircase to the Ecumenical Temple.
  8225 | D:7      | Reached ** piety under Vehumet
  8742 | D:8      | Noticed a four-headed hydra
  9239 | D:8      | Offered knowledge of Stone Arrow by Vehumet.
  9244 | D:8      | Learned a level 3 spell: Stone Arrow
  9291 | D:8      | Killed a four-headed hydra
  9292 | D:8      | Reached skill level 1 in Armour
  9452 | D:8      | Found a staircase to the Lair.
  9453 | D:8      | Noticed a komodo dragon
  9477 | D:8      | Killed a komodo dragon
  9964 | D:9      | Noticed Psyche
  9987 | D:9      | Killed Psyche
  9988 | D:9      | Reached XP level 10. HP: 77/77 MP: 11/22
 10208 | D:9      | Reached *** piety under Vehumet
 10209 | D:9      | Reached skill level 5 in Earth Magic
 10215 | D:9      | Noticed a manticore
 10217 | D:9      | Killed a manticore
 10302 | D:9      | Noticed a skeletal warrior
 10304 | D:9      | Noticed a cyclops
 10351 | D:8      | Killed a skeletal warrior
 10748 | D:9      | Noticed a fire dragon
 10748 | D:9      | Noticed a cyclops
 10849 | D:9      | Found a staircase to the Orcish Mines.
 11164 | D:9      | Found a sparkling altar of Nemelex Xobeh.
 11341 | D:9      | Killed a cyclops
 11347 | D:9      | Killed a cyclops
 11525 | D:9      | Offered knowledge of Inner Flame by Vehumet.
 11679 | D:9      | Killed a fire dragon
 11680 | D:9      | Gained mutation: Your touch may inflict irresistible damage
                  | on your foes. [demonic ancestry]
 11680 | D:9      | Reached XP level 11. HP: 86/86 MP: 7/24
 11713 | D:9      | Noticed a five-headed hydra
 11721 | D:9      | Killed a five-headed hydra
 11827 | D:10     | Entered Level 10 of the Dungeon
 12149 | D:10     | Found an iron altar of Okawaru.
 12151 | D:10     | Found a shimmering altar of Xom.
 12256 | D:10     | Noticed Fannar
 12266 | D:10     | Killed Fannar
 12391 | D:10     | Noticed Grum
 12424 | D:10     | Killed Grum
 12425 | D:10     | Reached skill level 10 in Spellcasting
 12581 | D:10     | Reached skill level 10 in Conjurations
 12591 | D:10     | Reached **** piety under Vehumet
 12950 | D:11     | Noticed a two-headed ogre
 12955 | D:11     | Killed a two-headed ogre
 13033 | D:11     | Offered knowledge of Olgreb's Toxic Radiance by Vehumet.
 13044 | D:11     | Learned a level 4 spell: Olgreb's Toxic Radiance
 13204 | D:11     | Noticed a six-headed hydra
 13209 | D:11     | Killed a six-headed hydra
 13213 | D:11     | Gained mutation: Spells you cast may paralyse adjacent
                  | enemies. [demonic ancestry]
 13213 | D:11     | Reached XP level 12. HP: 94/96 MP: 11/26
 13258 | D:11     | Noticed a two-headed ogre
 13282 | D:11     | Killed a two-headed ogre
 13312 | D:11     | Found a gate leading to a gauntlet.
 13334 | Gauntlet | Entered a Gauntlet
 13334 | Gauntlet | Found a transporter.
 13334 | Gauntlet | Found a transporter.
 13334 | Gauntlet | Found a runed translucent door.
 13334 | Gauntlet | Found a runed translucent door.
 13382 | Gauntlet | Found a transporter.
 13384 | Gauntlet | Found a transporter.
 13393 | Gauntlet | Found a transporter.
 13398 | Gauntlet | Found a transporter.
 13403 | Gauntlet | Noticed a green death
 13406 | Gauntlet | Found a transporter.
 13425 | Gauntlet | Found a transporter.
 13426 | Gauntlet | Noticed a cacodemon
 13442 | Gauntlet | Found a transporter.
 13446 | Gauntlet | Found a transporter.
 13454 | Gauntlet | Found a transporter.
 13458 | Gauntlet | Found a transporter.
 13813 | Gauntlet | Killed a cacodemon
 13827 | Gauntlet | Identified the +3 cloak "Yhui" {rPois rN+ Regen+ Dex-5}
 13857 | Gauntlet | Learned a level 5 spell: Lee's Rapid Deconstruction
 13858 | Gauntlet | Noticed a minotaur
 13896 | Gauntlet | Got the Reference Book on Doomed Execration
 13899 | Gauntlet | Identified the -4 cloak of Deca {rElec rN+ Dex-3}
 14075 | D:11     | Found Famatz's Magic Scroll Emporium.
 14163 | D:11     | Bought a scroll of identify for 34 gold pieces
 14163 | D:11     | Bought a scroll of identify for 34 gold pieces
 14208 | D:11     | Noticed a seven-headed hydra
 14209 | D:11     | Noticed a two-headed ogre
 14264 | D:11     | Noticed a two-headed ogre
 14268 | D:11     | Killed a two-headed ogre
 14384 | D:11     | Reached skill level 10 in Fighting
 14514 | D:11     | Noticed a stone giant
 14526 | D:11     | Killed a stone giant
 14527 | D:11     | Reached skill level 5 in Armour
 14807 | D:11     | Killed a two-headed ogre
 14937 | D:12     | Learned a level 5 spell: Fireball
 15252 | D:12     | Found a frozen archway.
 15255 | D:12     | Noticed an ice dragon
 15277 | D:12     | Killed an ice dragon
 15293 | IceCv    | Entered an ice cave
 15303 | IceCv    | Noticed a quicksilver ooze
 15317 | IceCv    | Killed a quicksilver ooze
 15317 | IceCv    | Reached ***** piety under Vehumet
 15319 | IceCv    | Mangled by an entropy weaver simulacrum

Illustrated notes

Levels and vault maps discovered:
D:1:      mrwooster_arrival_statue_3, layout_basic,
          shapermc_ecumenical_altar_rom_forum
D:2:      layout_loops_ring, minmay_misc_feat_x
D:3:      layout_rooms, mainiacjoe_overflow_catch_the_wave, serial_shops,
          nicolae_shop_stone
D:4:      layout_loops_corners
D:5:      layout_basic, mainiacjoe_overflow_cross_hatched
D:6:      layout_rooms, nicolae_hepliaklqana_hippocampus, serial_shops,
          nicolae_shop_stone, nicolae_stop_n_shop_1,
          nicolae_shop_bloodbath_and_beyond, nicolae_stop_n_shop_1,
          serial_park_tiny_1, nrook_mini_backslash, uniq_edmund
D:7:      layout_cave_pools, kennysheep_mini_moat, minmay_temple_entry_poolview,
          uniq_prince_ribbit1
D:8:      layout_basic, david_lair_shrubbed
D:9:      hangedman_cross_veins, layout_loops_ring,
          mainiacjoe_overflow_six_doors_small, david_orc_2, uniq_psyche
D:10:     layout_long_grid, grunt_temple_overflow_open, hangedman_decor_points,
          uniq_grum, uniq_fannar
D:11:     nzn_winding_woodlands_cross [nzn_winding_woodlands_5x15_eye,
          nzn_winding_woodlands_5x15_lazy_stream,
          nzn_winding_woodlands_5x15_jagged, nzn_winding_woodlands_5x15_garden,
          nzn_winding_woodlands_15x15_boxy_spiral], layout_irregular_city,
          gauntlet_entry_generic, serial_shops, shop_fountains
D:12:     layout_loops_corners, portal_ice_cave_entry_animals_and_master
IceCv:    ice_cave_hellmonk_azure_passage

Skill      XL: |  1  2  3  4  5  6  7  8  9 10 11 12 |
---------------+-------------------------------------+-----
Fighting       | 1 2 3 4 5 6 8 9 10 | 10.7
Spellcasting   | 3 4 5 7 8 9 10 11 | 11.4
Conjurations   | 5 6 7 9 10 11 | 11.5
Earth Magic    | 1 3 4 6 8 |  8.2
Armour         | 2 3 5 |  5.5
Dodging        | |  1.7
Stealth        | |  1.7

Action                   |  1- 3 |  4- 6 |  7- 9 | 10-12 || total
-------------------------+-------+-------+-------+-------++-------
Melee: Unarmed           |    74 |       |       |       ||    74
       Dagger            |    26 |   127 |     5 |    43 ||   201
       Punch             |     1 |     3 |     3 |     2 ||     9
       Touch             |       |     7 |    17 |    30 ||    54
       Flail             |       |       |   117 |    59 ||   176
       Staff             |       |       |     1 |       ||     1
       Trident           |       |       |       |    22 ||    22
       Scimitar          |       |       |       |     6 ||     6
 Cast: Magic Dart        |    23 |    78 |    14 |     1 ||   116
       Searing Ray       |    11 |    19 |    39 |    30 ||    99
       Swiftness         |       |       |     3 |     2 ||     5
       Stone Arrow       |       |       |    12 |   115 ||   127
       Sandblast         |       |       |       |    52 ||    52
       Fireball          |       |       |       |     6 ||     6
       Olgreb's Toxic Ra |       |       |       |     5 ||     5
       Lee's Rapid Decon |       |       |       |     3 ||     3
  Use: Scroll            |       |       |    11 |    14 ||    25
       Potion            |       |       |       |     9 ||     9
 Stab: Sleeping          |     1 |       |       |       ||     1
Armor: Robe              |    39 |    42 |   109 |    18 ||   208
       Acid dragon scale |       |       |       |   104 ||   104
       Fire dragon scale |       |       |       |    10 ||    10
       Skin              |       |       |       |    10 ||    10
Dodge: Dodged            |    51 |    88 |   156 |   157 ||   452
Block: Other             |     2 |    40 |    56 |    65 ||   163
       Reflection        |       |     2 |       |     2 ||     4
